 Dungeon Crawl Stone Soup version 0.29.1-1-gd02db6906a (webtiles) character file.

Game seed: 3019402148283750332

67 vvl the Trooper (level 3, 0/43 HPs)
             Began as a Demonspawn Fighter on Oct 6, 2022.
             Slain by a goblin
             ... wielding a +0 club
             ... led by Robin
              (5 damage)
             ... on level 2 of the Dungeon.
             The game lasted 00:02:20 (833 turns).

vvl the Trooper (Demonspawn Fighter)                 Turns: 833, Time: 00:02:20

Health: 0/43       AC: 21    Str: 16    XL:     3   Next: 98%
Magic:  4/4        EV:  2    Int: 11    God:
Gold:   133        SH:  4    Dex: 12    Spells: 3/3 levels left

rFire   . . .      SeeInvis .   a - +0 long sword
rCold   . . .      Faith    .   c - +0 buckler
rNeg    . . .      Spirit   .   (body armour currently unavailable)
rPois   +          Reflect  .   (helmet currently unavailable)
rElec   .          Harm     .   (cloak currently unavailable)
rCorr   .          Rampage  .   (gloves currently unavailable)
Will    .....      NoTele   +   (boots currently unavailable)
Stlth   +.........              (no amulet)
HPRegen 0.14/turn               (no ring)
MPRegen 0.09/turn               (no ring)

@: brilliant, tree-form, invisible
A: stationary, stasis, torment immunity, boosted hp, (yellow scales 1), powered
by pain 1
a: no special abilities


You were on level 2 of the Dungeon.
You were a tree.
You visited 1 branch of the dungeon, and saw 2 of its levels.

You collected 133 gold pieces.

Inventory:

Hand Weapons
 a - a +0 long sword (weapon)
Armour
 c - a +0 buckler (worn)
 g - a +0 ring mail (melded)
 h - a +0 helmet (melded)
 l - a +1 cloak (melded)
Scrolls
 e - 2 scrolls of blinking {unknown}
 f - a scroll of teleportation {unknown}
 k - a scroll of fog {unknown}


   Skills:
 + Level 3.1 Fighting
 + Level 2.2 Long Blades
 + Level 3.1 Armour
 + Level 3.0 Shields
 + Level 0.7 Spellcasting
 + Level 1.0 Conjurations
 + Level 1.3 Necromancy


You had 3 spell levels left.
You didn't know any spells.
Your spell library contained the following spells:

 Spells                   Type           Power      Damage    Failure   Level
 Slow                     Hex            0%         N/A       41%         1
 Vampiric Draining        Necr           5%         2d6       58%         3
 Confusing Touch          Hex            0%         N/A       78%         3


Dungeon Overview and Level Annotations

Branches:
Dungeon (2/15)

Altars:

Annotations:
D:2 Robin


Innate Abilities, Weirdness & Mutations

You are a tree.
Your roots penetrate the ground, keeping you stationary.
You cannot be teleported.
You are immune to unholy pain and torment.
Your maximum health is greatly increased.
Your equipment is partially melded.
((You are partially covered in yellow scales. (AC +2)))
You sometimes gain a little power by taking damage.


Message History

You block the goblin's attack. The goblin hits you with a +0 dagger.
The goblin hits you with a +0 club.
You slash the goblin!
You kill the goblin!
Robin flexes a bicep menacingly.
Robin throws the goblin at you! The goblin hits you with a +0 club.
You miss the goblin. The goblin hits you but does no damage.
You miss the goblin. You block Robin's attack.
The goblin hits you but does no damage. Robin hits you with a +0 whip.
You block the goblin's attack.
You closely miss Robin.
You feel a little less mighty now. Robin hits you but does no damage.
The goblin barely misses you.
You barely miss Robin. Robin hits you but does no damage.
The goblin hits you but does no damage.
You barely miss the goblin. Robin hits you with a +0 whip.
* * * LOW HITPOINT WARNING * * *
You block the goblin's attack. Robin hits you but does no damage.
The goblin closely misses you.
Unknown command.
You hit the goblin.
The goblin is moderately wounded.
Robin hits you but does no damage. The goblin hits you but does no damage.
You closely miss the goblin.
The goblin is moderately wounded.
Robin hits you with a +0 whip.
* * * LOW HITPOINT WARNING * * *
The goblin hits you but does no damage.
Unknown command.
It was a potion of brilliance.
You feel clever all of a sudden. You block Robin's attack.
The goblin hits you but does no damage.
It was a potion of invisibility.
You fade into invisibility!
Robin closely misses you. The goblin closely misses you.
It was a potion of lignification.
You turn into a tree.
Your +1 cloak melds into your body.
Your +0 helmet melds into your body.
Your +0 ring mail melds into your body.
Your roots penetrate the ground.
Robin hits you but does no damage. The goblin hits you with a +0 club.
You die...

...........## ##. ....
..........## #.. ....g
.......>..### ##.##...g.
............. ......?..
............. ......g..
..........######..#.g...
..###.####...[.....g...#
..##..# #.#####g#####.
......####.# #♣#
.####.##...# #g# .#
#.#..### #.# .####...##
..# ...#..### .##
##...## #.# .. .....##
#.##.# ####..#### #.#..
.†.......# #.#.#


You could see Robin (unable to see you) and a goblin (strong, unable to see
you).

Vanquished Creatures
  An orc (D:2)
  5 bats
  4 giant cockroaches
  19 goblins
  6 hobgoblins
  4 jackals (D:2)
  2 quokkas (D:2)
  3 ball pythons
  5 frilled lizards
  3 kobolds
  4 rats
56 creatures vanquished.

Notes
Turn   | Place    | Note
-------+----------+-------------------------------------------
     0 | D:1      | vvl the Demonspawn Fighter began the quest for the Orb.
     0 | D:1      | Reached XP level 1. HP: 18/18 MP: 1/1
    46 | D:1      | Gained mutation: You sometimes gain a little power by
                  | taking damage. [demonic ancestry]
    46 | D:1      | Reached XP level 2. HP: 24/24 MP: 2/2
   130 | D:1      | Found a faded altar of an unknown god.
   458 | D:2      | Gained mutation: You are partially covered in yellow
                  | scales. (AC +2) [demonic ancestry]
   458 | D:2      | Reached XP level 3. HP: 29/29 MP: 3/3
   491 | D:2      | Reached skill level 1 in Necromancy
   788 | D:2      | Noticed Robin
   811 | D:2      | Reached skill level 1 in Conjurations
   833 | D:2      | Slain by a goblin

Illustrated notes

Levels and vault maps discovered:
D:1:      onia_arrival_pentagram, layout_rooms, ebering_ecumenical_altar_mist
D:2:      layout_rooms, uniq_robin

Skill      XL: |  1  2  3 |
---------------+----------+-----
Long Blades    | 2 |  2.2
Armour         | 3 |  3.1
Necromancy     | 1 |  1.3
Conjurations   | 1 |  1.0
Shields        | 3 |  3.0
Fighting       | |  3.1
Spellcasting   | |  0.7

Action                   || total
-------------------------++-------
Melee: Long sword        ||   133
  Use: Potion            ||     4
Armor: Scale mail        ||    12
       Ring mail         ||    68
       Skin              ||     1
Dodge: Dodged            ||    52
Block: Buckler           ||    30
